Map: Snowy Mesa

Players

Loken - Winner!

  • Race: Zerg Zerg
  • League: Platinum
  • Spawn Location: 12:00

dallaskuken - Winner!

  • Race: Protoss Protoss
  • League: Platinum
  • Spawn Location: 12:00

LesEtoiles

  • Race: Zerg Zerg
  • League: Gold
  • Spawn Location: 6:00

Dzen

  • Race: Protoss Protoss
  • League: Silver
  • Spawn Location: 6:00

VOD

Have the link to the VOD?

Description

Time

  • Played on: March 25, 2017, 11:49 a.m.
  • Length: 16:14
Show
View Real Time Build Order
Export as new Build Order

Loken Zerg - Winner!

Build Orders: Pool First 

Get SALT Encoding   

  12  0:02  Drone  
  13  0:13  Overlord  
  13  0:18  Drone  
  14  0:32  Drone x2  
  16  0:41  Drone  
  17  0:50  Spawning Pool  
  17  0:53  Drone  
  17  0:59  Drone  
  18  1:18  Drone  
  19  1:20  Hatchery, Drone  
  19  1:23  Extractor  
  18  1:32  Drone  
  19  1:38  Queen  
  21  1:40  Drone  
  22  1:51  Overlord  
  22  2:09  Hatchery  
  21  2:15  Drone  
  21  2:16  Drone  
  23  2:23  Metabolic Boost  
  23  2:26  Drone  
  24  2:32  Queen  
  26  2:38  Drone  
  26  2:42  Drone  
  28  2:53  Zergling x2  
  28  2:54  Zergling x8  
  33  3:01  Zergling x2  
  33  3:05  Queen  
  34  3:10  Extractor  
  35  3:16  Drone  
  36  3:31  Drone x3  
  36  3:32  Drone x3  
  42  3:35  Overlord  
  42  3:36  Overlord  
  42  3:37  Overlord  
  42  3:48  Lair  
  42  3:56  Drone  
  42  3:57  Drone x4  
  42  4:02  Drone x2  
  49  4:03  Drone  
  50  4:13  Drone  
  50  4:14  Drone x4  
  55  4:29  Extractor  
  55  4:31  Extractor  
  53  4:42  Zergling x2  
  53  4:43  Zergling x24  
  53  4:44  Overlord  
  66  4:54  Spire  
  65  5:01  Evolution Chamber  
  65  5:02  Evolution Chamber  
  65  5:05  Drone  
  65  5:06  Drone x5  
  69  5:18  Overlord x3  
  69  5:29  Zerg Melee Weapons Level 1  
  69  5:30  Zerg Ground Armor Level 1  
  69  5:41  Spore Crawler  
  68  5:44  Spore Crawler  
  68  5:48  Zergling x2  
  68  5:49  Zergling x24  
  80  6:04  Infestation Pit  
  79  6:12  Zergling x4  
  79  6:13  Zergling x18  
  90  6:29  Hatchery  
  71  6:54  Mutalisk x8  
  73  7:04  Hive  
  73  7:17  Drone  
  73  7:18  Drone x7  
  81  7:25  Overlord x2  
  81  7:47  Mutalisk  
  81  7:48  Mutalisk x4  
  91  8:11  Drone  
  91  8:12  Drone x8  
  100  8:16  Zergling x14, Extractor  
  100  8:17  Zergling x6, Extractor  
  108  8:29  Adrenal Glands  
  108  8:31  Zerg Melee Weapons Level 2  
  108  8:36  Zerg Ground Armor Level 2  
  106  9:14  Zergling x2  
  106  9:15  Zergling x26  
  120  9:18  Overlord  
  120  9:19  Overlord x6  
  120  9:45  Hydralisk Den  
  119  10:14  Zergling x2  
  119  10:15  Zergling x28  
  119  10:16  Zergling x12  
  140  10:26  Spore Crawler  
  140  10:27  Spore Crawler  
  132  10:49  Zergling x8  
  137  10:50  Zergling x16  
  137  10:52  Zergling x2  
  137  10:53  Zergling x4  
  133  11:07  Zergling x2  
  133  11:08  Zergling x16  
  127  11:27  Corruptor  
  127  11:28  Corruptor x13  
  127  11:31  Zerg Melee Weapons Level 3, Zerg Ground Armor Level 3  
  155  11:35  Muscular Augments  
  155  11:39  Greater Spire  
  155  11:45  Zergling x2  
  155  11:46  Zergling x12  
  162  12:05  Hatchery  
  161  12:37  Corruptor x7  
  161  12:41  Overlord x8  
  175  13:22  Extractor  
  175  13:23  Extractor  
  99  13:54  Brood Lord x5  
  99  13:55  Brood Lord x7  
  123  14:06  Zergling x22  
  123  14:07  Zergling x8  
  110  14:37  Zergling x8  
  110  14:38  Zergling x22  
  125  14:39  Zergling x2  
  122  15:18  Drone x2  
  122  15:19  Drone x8  
  130  15:27  Zergling x2  
  130  15:28  Hatchery, Zergling x8  
  124  15:52  Zergling x10  
  124  15:53  Zergling x16  
  124  15:56  Zergling x4  
Show
View Real Time Build Order
Export as new Build Order

dallaskuken Protoss - Winner!

Build Orders:  

Get SALT Encoding   

  12  0:01  Probe (Chrono Boost)  
  13  0:12  Probe (Chrono Boost)  
  14  0:24  Pylon  
  14  0:25  Probe (Chrono Boost)  
  15  0:42  Probe (Chrono Boost)  
  16  0:50  Forge  
  16  0:53  Probe (Chrono Boost)  
  17  0:57  Gateway  
  17  1:03  Probe (Chrono Boost)  
  18  1:07  Assimilator  
  18  1:14  Probe (Chrono Boost)  
  19  1:24  Probe (Chrono Boost)  
  20  1:35  Probe (Chrono Boost)  
  21  1:45  Zealot  
  23  1:47  Photon Cannon  
  23  1:50  Pylon  
  23  1:59  Cybernetics Core  
  23  2:00  Assimilator  
  23  2:09  Probe (Chrono Boost)  
  23  2:12  Zealot  
  26  2:17  Pylon  
  26  2:19  Probe (Chrono Boost)  
  28  2:30  Probe (Chrono Boost)  
  28  2:36  Warp Gate  
  28  2:38  Stargate  
  28  2:40  Probe (Chrono Boost)  
  28  2:42  Stalker  
  32  2:52  Probe (Chrono Boost)  
  32  3:02  Pylon  
  32  3:04  Probe (Chrono Boost)  
  33  3:12  Stalker  
  35  3:23  Void Ray  
  39  3:29  Probe (Chrono Boost)  
  40  3:50  Nexus  
  40  3:52  Pylon  
  40  4:09  Stalker  
  42  4:14  Void Ray  
  46  4:24  Pylon  
  46  4:26  Pylon, Probe (Chrono Boost)  
  48  4:38  Probe (Chrono Boost)  
  48  4:39  Stalker  
  50  4:51  Probe (Chrono Boost)  
  51  4:53  Fleet Beacon  
  51  5:04  Probe (Chrono Boost)  
  52  5:14  Probe (Chrono Boost)  
  53  5:23  Gateway  
  53  5:25  Gateway, Probe (Chrono Boost)  
  54  5:28  Assimilator  
  54  5:33  Assimilator  
  54  5:36  Probe (Chrono Boost)  
  55  5:46  Probe (Chrono Boost)  
  56  5:52  Photon Cannon  
  56  5:53  Photon Cannon  
  56  5:55  Photon Cannon  
  56  5:57  Probe (Chrono Boost)  
  57  6:07  Probe (Chrono Boost)  
  57  6:09  Carrier  
  58  6:18  Probe (Chrono Boost)  
  65  6:23  Mothership Core (Chrono Boost)  
  67  6:28  Probe (Chrono Boost)  
  68  6:39  Probe (Chrono Boost)  
  69  6:49  Probe (Chrono Boost)  
  69  6:51  Probe (Chrono Boost)  
  77  7:00  Probe (Chrono Boost)  
  78  7:09  Protoss Air Weapons Level 1  
  78  7:10  Probe (Chrono Boost)  
  79  7:16  Pylon  
  79  7:18  Pylon  
  79  7:20  Pylon  
  79  7:21  Stargate  
  79  7:22  Stargate  
  79  7:28  Stargate  
  79  7:30  Carrier  
  85  7:47  Probe (Chrono Boost)  
  86  8:10  Carrier  
  92  8:16  Nexus  
  92  8:17  Pylon  
  92  8:38  Carrier  
  98  8:48  Carrier  
  98  8:53  Pylon  
  104  9:09  Protoss Air Weapons Level 2  
  104  9:31  Assimilator, Probe (Chrono Boost)  
  105  9:36  Assimilator  
  105  9:41  Probe (Chrono Boost)  
  106  9:46  Carrier  
  106  9:52  Probe (Chrono Boost)  
  113  9:55  Carrier  
  119  10:02  Probe (Chrono Boost)  
  120  10:13  Probe (Chrono Boost)  
  121  10:14  Protoss Shields Level 1  
  121  10:24  Carrier  
  121  10:31  Pylon  
  121  10:32  Pylon  
  121  10:34  Pylon  
  127  10:45  Carrier  
  134  10:50  Probe (Chrono Boost)  
  134  11:00  Probe (Chrono Boost)  
  135  11:10  Protoss Air Weapons Level 3  
  135  11:11  Probe (Chrono Boost)  
  136  11:12  Carrier  
  142  11:21  Probe (Chrono Boost)  
  143  11:25  Carrier  
  143  11:32  Probe (Chrono Boost)  
  150  11:42  Probe (Chrono Boost)  
  151  11:47  Graviton Catapult  
  151  12:05  Carrier  
  151  12:06  Nexus  
  157  12:14  Pylon  
  157  12:16  Pylon  
  157  12:17  Pylon  
  157  12:42  Carrier x2  
  169  12:49  Pylon x2  
  169  12:51  Carrier, Pylon  
  169  12:54  Probe (Chrono Boost)  
  176  13:04  Probe (Chrono Boost)  
  177  13:15  Probe (Chrono Boost)  
  140  14:17  Carrier x2  
  140  14:18  Carrier x2  
Show
View Real Time Build Order
Export as new Build Order

LesEtoiles Zerg 

Build Orders: Hatch First 

Get SALT Encoding   

  12  0:01  Drone  
  13  0:13  Overlord  
  13  0:18  Drone  
  14  0:36  Drone x2  
  14  0:37  Drone  
  17  0:53  Hatchery  
  16  1:00  Extractor  
  16  1:02  Drone  
  16  1:06  Drone  
  17  1:15  Spawning Pool  
  16  1:19  Drone  
  16  1:25  Drone  
  18  1:31  Drone  
  19  1:41  Drone  
  20  1:56  Drone  
  21  2:04  Queen  
  21  2:05  Queen  
  21  2:06  Zergling x4  
  27  2:18  Extractor, Overlord  
  26  2:23  Drone  
  27  2:35  Drone  
  28  2:43  Lair  
  28  2:45  Drone x3  
  28  2:49  Roach Warren  
  30  2:58  Drone x3  
  32  3:01  Overlord  
  33  3:13  Evolution Chamber  
  33  3:14  Overlord  
  32  3:23  Drone x2  
  32  3:24  Drone x3  
  37  3:29  Roach  
  39  3:38  Roach  
  39  3:39  Roach  
  39  3:40  Roach  
  45  3:44  Overlord  
  45  3:49  Roach  
  45  3:51  Glial Reconstitution  
  47  3:56  Roach  
  47  4:02  Zerg Missile Weapons Level 1  
  49  4:04  Roach  
  51  4:10  Roach x2  
  51  4:16  Spore Crawler  
  54  4:21  Hydralisk Den  
  54  4:22  Drone  
  54  4:23  Drone  
  55  4:27  Overseer  
  55  4:32  Drone x3  
  55  4:36  Overlord  
  60  4:45  Roach  
  60  4:55  Overlord  
  60  4:56  Hatchery  
  59  5:00  Roach  
  61  5:18  Muscular Augments  
  61  5:20  Roach x5  
  71  5:22  Overlord  
  71  5:41  Hydralisk x2  
  74  5:47  Extractor  
  74  5:48  Extractor  
  72  5:52  Overlord x2  
  72  5:53  Hydralisk x2  
  76  6:03  Overlord  
  76  6:04  Overlord  
  76  6:05  Drone x4  
  80  6:16  Burrow  
  80  6:27  Infestation Pit  
  80  6:29  Drone  
  80  6:30  Drone x6  
  86  7:01  Drone x3  
  86  7:03  Hydralisk x3  
  86  7:04  Hatchery  
  93  7:17  Lurker Den  
  93  7:27  Pathogen Glands  
  93  7:30  Infestor  
  93  7:34  Infestor  
  97  7:51  Infestor  
  99  8:08  Overlord  
  99  8:09  Overlord  
  99  8:24  Neural Parasite  
  99  8:26  Overlord x2  
  99  8:28  Infestor x2  
  103  8:43  Infestor  
  103  8:45  Drone x7  
  103  8:46  Drone x5  
  117  8:57  Hydralisk x2  
  121  9:21  Infestor x2  
  125  9:34  Infestor x5  
  125  9:36  Zerg Ground Armor Level 1  
  125  9:43  Extractor  
  125  9:45  Extractor  
  123  9:48  Spore Crawler  
  123  9:50  Spore Crawler  
  121  9:54  Hive  
  121  10:35  Hydralisk x7  
  125  10:36  Hydralisk x4  
  143  11:00  Overlord x3  
  143  11:15  Overlord x2  
  143  11:24  Ultralisk Cavern  
  142  11:26  Evolution Chamber  
  142  11:27  Overlord x2  
  141  11:35  Drone x2  
  143  11:52  Zerg Melee Weapons Level 1  
  143  11:53  Zerg Ground Armor Level 2  
  143  12:11  Chitinous Plating  
  143  12:15  Overseer  
  143  12:16  Overseer  
  143  12:17  Pneumatized Carapace  
  143  12:20  Metabolic Boost  
  143  12:48  Infestor  
  143  12:49  Infestor  
  147  12:55  Ultralisk x4  
  145  13:37  Hydralisk x6  
  145  13:38  Hydralisk x3  
  133  13:55  Hydralisk x7  
  121  14:22  Hydralisk x4  
  85  14:54  Hydralisk x6  
  85  14:55  Hydralisk x2  
Show
View Real Time Build Order
Export as new Build Order

Dzen Protoss 

Build Orders: Nexus First 

Get SALT Encoding   

  12  0:03  Probe (Chrono Boost)  
  13  0:14  Probe (Chrono Boost)  
  14  0:24  Probe (Chrono Boost)  
  15  0:29  Pylon  
  15  0:48  Probe (Chrono Boost)  
  16  0:58  Nexus  
  16  1:08  Forge  
  16  1:12  Probe (Chrono Boost)  
  16  1:18  Assimilator  
  17  1:22  Probe (Chrono Boost)  
  18  1:32  Gateway  
  18  1:42  Probe (Chrono Boost)  
  19  1:50  Pylon  
  19  1:52  Probe (Chrono Boost)  
  20  2:03  Photon Cannon, Probe (Chrono Boost)  
  21  2:13  Photon Cannon  
  21  2:17  Assimilator  
  21  2:24  Probe x2 (Chrono Boost)  
  23  2:34  Cybernetics Core  
  23  2:40  Pylon  
  23  2:45  Assimilator  
  23  2:50  Probe x2 (Chrono Boost)  
  25  2:59  Photon Cannon  
  25  3:08  Pylon  
  25  3:11  Probe (Chrono Boost)  
  27  3:16  Mothership Core (Chrono Boost)  
  28  3:24  Probe (Chrono Boost)  
  29  3:34  Probe (Chrono Boost)  
  29  3:35  Stargate, Probe (Chrono Boost)  
  31  3:45  Stargate, Probe (Chrono Boost)  
  32  3:52  Pylon  
  32  3:54  Probe (Chrono Boost)  
  33  4:03  Stargate  
  33  4:12  Protoss Air Weapons Level 1  
  33  4:17  Assimilator  
  33  4:21  Pylon  
  33  4:24  Pylon  
  33  4:30  Cybernetics Core  
  33  4:33  Probe (Chrono Boost)  
  33  4:34  Probe (Chrono Boost)  
  35  4:43  Probe (Chrono Boost)  
  35  4:45  Probe (Chrono Boost)  
  37  4:54  Void Ray, Probe (Chrono Boost)  
  42  5:06  Void Ray  
  46  5:14  Protoss Air Armor Level 1  
  46  5:17  Probe (Chrono Boost)  
  46  5:19  Probe (Chrono Boost)  
  48  5:30  Void Ray  
  52  5:42  Void Ray  
  56  5:55  Fleet Beacon  
  56  6:01  Photon Cannon  
  56  6:09  Pylon  
  56  6:13  Void Ray  
  60  6:23  Void Ray  
  64  6:33  Void Ray  
  68  6:56  Carrier  
  74  7:07  Protoss Air Weapons Level 2  
  74  7:25  Protoss Air Armor Level 2  
  74  7:38  Nexus  
  74  7:40  Pylon  
  74  7:41  Pylon  
  74  7:43  Protoss Shields Level 1  
  74  7:53  Photon Cannon  
  74  7:54  Probe (Chrono Boost)  
  74  7:55  Probe (Chrono Boost)  
  76  8:05  Probe x2 (Chrono Boost)  
  78  8:16  Probe x2 (Chrono Boost)  
  86  8:23  Photon Cannon  
  86  8:26  Probe x2 (Chrono Boost)  
  88  8:34  Assimilator  
  88  8:35  Assimilator  
  88  8:37  Probe x2 (Chrono Boost)  
  90  8:45  Carrier  
  90  8:47  Probe x2 (Chrono Boost)  
  98  8:58  Probe x2 (Chrono Boost)  
  93  9:08  Probe x2 (Chrono Boost)  
  92  9:12  Probe (Chrono Boost)  
  93  9:19  Photon Cannon, Probe x2 (Chrono Boost)  
  93  9:20  Photon Cannon  
  93  9:23  Pylon, Probe (Chrono Boost)  
  96  9:29  Pylon, Probe (Chrono Boost)  
  96  9:30  Probe (Chrono Boost)  
  98  9:34  Carrier  
  98  9:35  Photon Cannon  
  104  9:53  Photon Cannon  
  104  9:57  Photon Cannon  
  104  9:59  Photon Cannon  
  104  10:01  Pylon  
  104  10:03  Stargate  
  104  10:11  Carrier  
  110  10:18  Graviton Catapult  
  110  10:29  Photon Cannon  
  110  10:35  Photon Cannon  
  96  10:55  Probe x2 (Chrono Boost)  
  98  11:06  Probe x2 (Chrono Boost)  
  100  11:15  Anion Pulse-Crystals  
  100  11:16  Probe x2 (Chrono Boost)  
  102  11:26  Nexus  
  102  11:46  Pylon  
  102  11:52  Pylon  
  102  12:04  Carrier  
  102  12:05  Probe (Chrono Boost)  
  109  12:10  Carrier  
  109  12:11  Pylon  
  109  12:13  Protoss Air Weapons Level 3, Pylon  
  115  12:29  Carrier  
  121  12:31  Carrier  
  127  12:40  Robotics Facility  
  127  12:47  Pylon  
  127  12:52  Pylon  
  127  12:54  Pylon  
  127  13:30  Phoenix  
  107  13:35  Carrier  
  75  13:55  Phoenix x2  
  79  13:57  Carrier  
  85  14:20  Void Ray x2  
  46  15:01  Void Ray  
  46  15:02  Void Ray  
  54  15:11  Phoenix  
  56  15:23  Phoenix  
  48  15:36  Phoenix  
Tags
 
Add a new tag
Caveats
  • Supply blocks, unpowered buildings, or Contaminate may cause inaccurate times.
  • Supply counts are checked every 10 seconds.